 Dungeon Crawl Stone Soup version 0.19.0-17-g07987d3 (webtiles) character file.

134 Inkary the Covered (level 5, 0/32 HPs)
             Began as a Gargoyle Fighter on Nov 11, 2016.
             Killed by divine providence
             ... invoked by an orc priest
              (10 damage)
             ... on level 3 of the Dungeon.
             The game lasted 00:02:31 (1510 turns).

Inkary the Covered (Gargoyle Fighter)               Turns: 1510, Time: 00:02:32

Health: 0/32       AC: 17    Str: 21    XL:     5   Next: 17%
Magic:  5/5        EV:  4    Int:  8    God:
Gold:   114        SH:  9    Dex:  9    Spells: 0 memorised, 4 levels left

rFire  . . .     SeeInvis .     a - +0 flail
rCold  . . .     Gourm    .     m - +0 plate armour
rNeg   + . .     Faith    .     c - +0 shield
rPois  ∞         Spirit   .     (no helmet)
rElec  +         Reflect  .     i - +0 cloak
rCorr  .         Harm     .     (no gloves)
MR     .....                    (no boots)
Stlth  ..........               (no amulet)
                                (no ring)
                                (no ring)

@: no status effects
A: negative energy resistance 1, electricity resistance, unbreathing,
petrification resistance, rot immunity, AC +4
a: no special abilities


You were on level 3 of the Dungeon.
You were hungry.

You visited 1 branch of the dungeon, and saw 3 of its levels.

You collected 114 gold pieces.

Inventory:

Hand Weapons
 a - a +0 flail (weapon)
Armour
 c - a +0 shield (worn)
 i - a +0 cloak (worn)
 m - a +0 plate armour (worn)
Jewellery
 b - an uncursed amulet of harm {unknown}
Scrolls
 e - 3 scrolls of enchant weapon {unknown}
 g - a scroll of identify {unknown}
 j - 2 scrolls of remove curse {unknown}
 k - 2 scrolls of teleportation {unknown}
 p - a scroll of amnesia {unknown}
 q - a scroll of magic mapping {unknown}
 r - a scroll of immolation {unknown}
Potions
 d - a potion of might
 l - a potion of heal wounds {unknown}
 n - 2 potions of beneficial mutation {unknown}
 s - a potion of cure mutation {unknown}
 t - a potion of berserk rage {unknown}
Books
 o - a book of Cantrips

   Spells                             Type                      Level
   a - Confusing Touch                Hexes                        1
   b - Animate Skeleton               Necromancy                   1
   c - Summon Small Mammal            Summoning                    1
   d - Apportation                    Translocation                1
Comestibles
 f - 6 bread rations
 h - a meat ration


   Skills:
 - Level 3.2 Fighting
 + Level 4.2 Maces & Flails
 + Level 4.6 Armour
 - Level 3.2 Shields


You had 4 spell levels left.
You didn't know any spells.

Dungeon Overview and Level Annotations

Branches:
Dungeon (3/15)

Altars:
Gozag
Makhleb
The Shining One


Innate Abilities, Weirdness & Mutations

You are resistant to torment.
Your stone body is resilient. (AC +4)
You are immune to poison.
You resist negative energy. (rN+)
You are resistant to electric shocks. (rElec)
You can survive without breathing.
You are immune to petrification.
You are immune to rotting.


Message History

Beogh smites you! The orc hits you but does no damage.
You closely miss the orc. You block the orc's attack.
The orc priest invokes the aid of Beogh against you.
Beogh smites you!
Unknown command.
You barely miss the orc. You block the orc's attack.
You sock the orc!
You kill the orc!
You closely miss the orc priest.
The orc priest is lightly wounded.
You block the orc priest's attack.
You closely miss the orc priest.
The orc priest is lightly wounded.
The orc priest barely misses you.
The orc priest hits you but does no damage.
You closely miss the orc priest.
The orc priest is lightly wounded.
The orc priest calls down the wrath of Beogh upon you.
Beogh smites you!
You die...

#... ### #....#
....#....#
###........####
..............
....#.##..$#.####
#...............#
##..#.#.####.##..##.#
#.......## #@# #..#.#
#.###....###o###...
#........{.....###
#..###..#.#..#...##
#.. ##...#....#..##
....
##........#..#####
.###
#.#.............## .
....###............##
.....##.........)...(#


You could see an orc priest.

Vanquished Creatures
  A crimson imp (D:2)
  3 adders
  An ooze (D:3)
  4 worms
  A dart slug (D:2)
  3 leopard geckos
  An orc (D:3)
  4 bats
  A giant cockroach (D:2)
  8 hobgoblins
  3 frilled lizards
  10 goblins
  8 kobolds
  8 rats
56 creatures vanquished.

Notes
Turn   | Place    | Note
-------+----------+-------------------------------------------
     0 | D:1      | Inkary the Gargoyle Fighter began the quest for the Orb.
     0 | D:1      | Reached XP level 1. HP: 14/14 MP: 1/1
    99 | D:1      | Reached XP level 2. HP: 18/19 MP: 2/2
   452 | D:2      | Reached XP level 3. HP: 23/23 MP: 3/3
   685 | D:2      | Found an opulent altar of Gozag.
   871 | D:2      | Reached XP level 4. HP: 26/28 MP: 4/4
  1313 | D:2      | Found a burning altar of Makhleb.
  1375 | D:3      | Found a glowing golden altar of the Shining One.
  1416 | D:3      | Reached XP level 5. HP: 29/32 MP: 5/5
  1510 | D:3      | Killed from afar by an orc priest

Skill      XL: |  1  2  3  4 |
---------------+-------------+-----
Maces & Flails | 3 4 |  4.2
Armour         | 4 |  4.6
Fighting       | |  3.2
Shields        | |  3.2

Action                   |  1- 3 |  4- 6 || total
-------------------------+-------+-------++-------
Melee: Flail             |   163 |   122 ||   285
  Eat: Chunk             |       |     2 ||     2
Armor: Scale mail        |    31 |       ||    31
       Plate armour      |    63 |    97 ||   160
Dodge: Dodged            |    35 |    16 ||    51
Block: Shield            |    68 |    56 ||   124
